Map: Dragon Scales LE

Players

Illu - Winner!

  • Race: Zerg Zerg
  • League: Platinum
  • Spawn Location: 5:00

VOD

Have the link to the VOD?

Description

Time

  • Played on: March 28, 2023, 2:01 p.m.
  • Length: 6:32
Show
View Real Time Build Order
Export as new Build Order

Illu Zerg - Winner!

Build Orders:  

Get SALT Encoding   

  12  0:01  Drone  
  13  0:18  Overlord  
  13  0:26  Drone  
  14  0:44  Drone x2  
  14  0:48  Drone  
  17  1:02  Extractor  
  17  1:07  Spawning Pool  
  15  1:11  Drone  
  15  1:19  Drone  
  17  1:51  Hatchery  
  16  2:04  Drone x2  
  16  2:05  Drone  
  19  2:20  Queen  
  21  2:41  Overlord  
  21  2:45  Drone  
  22  2:56  Baneling Nest  
  22  2:59  Drone  
  22  3:13  Queen  
  24  3:21  Metabolic Boost  
  24  3:26  Extractor  
  23  3:32  Zergling x4  
  25  3:41  Zergling x2  
  25  3:42  Zergling x2  
  27  3:59  Zergling x2  
  28  4:00  Zergling x2  
  29  4:17  Zergling x4  
  29  4:18  Zergling x6  
  34  4:25  Overlord  
  34  4:45  Baneling x2  
  34  4:46  Baneling x5  
  34  4:47  Baneling  
  34  4:49  Zergling x4  
  36  4:50  Zergling x4  
  36  4:58  Zergling x2  
  39  5:00  Drone  
  37  5:30  Zergling x8  
  37  5:31  Zergling x6  
  43  5:45  Drone  
  43  5:48  Overlord  
Tags
 
Add a new tag
Caveats
  • Supply blocks, unpowered buildings, or Contaminate may cause inaccurate times.
  • Supply counts are checked every 10 seconds.